 Dungeon Crawl Stone Soup version 0.17.1-3-g152610e (webtiles) character file.

113639 inmateoo the Brawler (level 16, -2/159 HPs)
             Began as a Troll Monk on Feb 18, 2016.
             Was a High Priest of Okawaru.
             Killed from afar by Nikola (31 damage)
             ... with a chain lightning
             ... on level 1 of the Elven Halls.
             The game lasted 01:04:31 (27967 turns).

inmateoo the Brawler (Troll Monk)                  Turns: 27967, Time: 01:04:31

Health: -2/159     AC: 12    Str: 30    XL:     16   Next: 14%
Magic:  21/21      EV: 22    Int:  9    God:    Okawaru [*****.]
Gold:   811        SH:  0    Dex: 16    Spells: 5 memorised, 3 levels left

rFire  . . .     SeeInvis +       - Unarmed
rCold  + . .     Clarity  .     A - +2 robe {MR+}
rNeg   . . .     SustAt   .     (no shield)
rPois  +         Gourm    +     r - +1 hat {SInv}
rElec  .         Spirit   .     C - +1 cloak of the Gate {+Fly rC+}
rCorr  +         Warding  .     (gloves unavailable)
rMut   .         Rnd*Tele +     (boots unavailable)
MR     +++..                    n - amulet of the Skies Above {rCorr *Drain +Blink MR+ Int+3}
Stlth  +++.......               a - ring "Vonnun" {+Fly EV+5 Str+2}
                                U - ring of poison resistance

@: extremely resistant to hostile enchantments, fairly stealthy
A: unfitting armour, claws 3, thin skeletal structure 2, yellow scales 1, fast
metabolism 3, gourmand, mutation resistance 1, regeneration 2, shaggy fur 1,
teleportitis 1, tough skin 2
a: Heroism, Finesse, Renounce Religion, Evoke Blink, Evoke Flight


You were on level 1 of the Elven Halls.
You worshipped Okawaru.
Okawaru was extremely pleased with you.
You were very full.

You visited 5 branches of the dungeon, and saw 29 of its levels.
You also visited: Labyrinth and Bailey.

You collected 2920 gold pieces.
You spent 2109 gold pieces at shops.

Inventory:

Missiles
 y - 23 large rocks (quivered)
 z - 2 throwing nets
 L - 8 poisoned javelins
Armour
 r - a +1 hat of see invisible (worn)
 A - a +2 robe of magic resistance (worn)
 C - the +1 cloak of the Gate (worn) {+Fly rC+}
   (Okawaru gifted it to you on level 8 of the Dungeon)

   It protects you from cold.
   It lets you fly.
 Q - a +2 cloak of magic resistance
Jewellery
 a - the ring "Vonnun" (right claw) {+Fly EV+5 Str+2}
   (You found it on level 8 of the Lair of Beasts)

   [ring of evasion]

   It affects your evasion (+5).
   It affects your strength (+2).
   It lets you fly.
 k - an uncursed ring of invisibility
 m - an uncursed ring of positive energy
 n - the amulet of the Skies Above (around neck) {rCorr *Drain +Blink MR+ Int+3}
   (You bought it in a shop on level 4 of the Orcish Mines)

   [amulet of resist corrosion]

   It protects you from acid and corrosion.
   It affects your intelligence (+3).
   It affects your resistance to hostile enchantments.
   It lets you blink.
   It causes draining when unequipped.
 v - an uncursed ring of fire
 O - an uncursed ring of protection from cold
 U - a ring of poison resistance (left claw)
 X - an uncursed ring of teleportation
Wands
 o - a wand of invisibility (4)
 x - a wand of digging (11)
 V - a wand of disintegration (3)
 Z - a wand of fire (7)
Scrolls
 d - 7 scrolls of remove curse
 e - 6 scrolls of teleportation
 f - 3 scrolls of fog
 h - 3 scrolls of amnesia
 l - a scroll of fear
 F - 4 scrolls of recharging
 I - 5 scrolls of enchant armour
 R - 6 scrolls of identify
 S - 5 scrolls of magic mapping
Potions
 i - 3 potions of might
 j - 2 potions of cancellation
 p - 4 potions of brilliance
 s - a potion of beneficial mutation
 u - 6 potions of heal wounds
 w - 2 potions of haste
 D - 2 potions of agility
 E - 10 potions of curing
 H - 2 potions of magic
 J - 2 potions of resistance
 K - a potion of berserk rage
 T - a potion of ambrosia
 W - 2 potions of flight
Books
 B - a book of the Dragon

   Spells                             Type                      Level
   a - Flame Tongue                   Conjuration/Fire             1
   b - Cause Fear                     Hexes                        4
   c - Bolt of Fire                   Conjuration/Fire             6
   d - Dragon Form                    Transmutation                7
   e - Dragon's Call                  Summoning                    9
Miscellaneous
 g - a plain deck of summoning {drawn: 7}
 t - a fan of gales (inert)
 G - a lamp of fire (inert)
Comestibles
 b - 16 bread rations
 c - 15 meat rations
 q - 47 fruits
 M - 7 beef jerkies
 P - 2 slices of pizza


   Skills:
 + Level 10.3 Fighting
 + Level 10.9 Throwing
 + Level 10.8 Dodging
 - Level 1.1 Stealth
 * Level 16.6 Unarmed Combat
 + Level 6.0 Translocations
 - Level 9.0 Invocations
 - Level 2.0 Evocations


You had 3 spell levels left.
You knew the following spells:

 Your Spells              Type           Power        Failure   Level  Hunger
a - Apportation           Tloc           ##........   3%          1    ##.....
b - Blink                 Tloc           N/A          6%          2    ###....
c - Portal Projectile     Tloc           ##....       12%         3    ####...
d - Shroud of Golubria    Chrm/Tloc      #.........   17%         2    ###....
e - Passage of Golubria   Tloc           N/A          34%         4    #####..


Dungeon Overview and Level Annotations

Branches:
Dungeon (15/15) Temple (1/1) D:4 Lair (8/8) D:11 Shoals (0/4) Lair:6 Spider (0/4) Lair:5 Slime (0/6) Lair:6 Orc (4/4) D:9 Elf (1/3) Orc:4 Vaults (0/5) D:13 D:14 Depths: D:15

Altars:
Ashenzari
Cheibriados
Dithmenos
Elyvilon
Fedhas
Gozag
Kikubaaqudgha
Makhleb
Nemelex Xobeh
Okawaru
Qazlal
Ru
Sif Muna
Trog
Vehumet
Xom
Yredelemnul
Zin
The Shining One
Beogh
Jiyva

Shops:
D:5 (}?   D:6 }   D:7 ?   D:8 *   D:10 *   D:14 ?   Orc:1 }   Orc:4 *(*=

Annotations:
D:7 exclusion: door
Lair:2 MrTails's ghost, journeyman GrFi
Elf:1 Nikola


Innate Abilities, Weirdness & Mutations

You are too large for most types of armour.
You have claws for hands.
Your metabolism is lightning-fast.
You like to eat raw meat.
You heal very quickly.
You are covered in fur (AC +1).
You have very tough skin (AC +2).
You have a moderately thin skeletal structure (Dex +4, Stealth+).
You are partially covered in yellow scales (AC +2).
You are somewhat resistant to further mutation.
You are occasionally teleported next to monsters.


Message History

Nikola hits you with a rapier of electrocution.
You are electrocuted!
* * * LOW HITPOINT WARNING * * *
You are too injured to fight recklessly!
Evoke which item? (* to show all) (? for menu, Esc to quit)
A fierce wind blows from the fan.
Nikola is blown away by the wind.
The winds coalesce and take form.
Unknown command.
Unknown command.
Evoke which item? (* to show all) (? for menu, Esc to quit)
Aim the lamp in which direction?
Press: ? - help, Dir - move target cursor, f - Nikola
Aim: Nikola, wielding a rapier of electrocution, wearing an embroidered cloak and wearing a pair of gloves (heavily wounded)
The flames dance!
Nikola casts a spell.
You hear a mighty clap of thunder!
The lightning arc hits you!
* * * LOW HITPOINT WARNING * * *
The lightning arc hits Nikola.
The lightning arc hits you!
You die...

# ## .## ..## #####
###+### 8(.##
#...###..§§E.# ....##
+....#§§§.....
.....######...E.§.@.....
#.....#...#.....§.......
#..8..##........@.......
##.....#........#......#
##.....#...###+##++##++#
##.....#...#
###+#.##...+
##.........# ##........#
# ##''###### ####..#


You could see Nikola, a friendly fire elemental and a friendly air elemental.

Vanquished Creatures
  Maud (D:11)
  An orc warlord (Orc:2)
  The ghost of emiel the Cleaver, a journeyman FoAs of Cheibriados (Lair:6)
  A minotaur (Lab)
  Josephine (Lair:6)
  A catoblepas (D:13)
  Harold (D:10)
  10 hydras
  An ice dragon (Lair:4)
  A centaur warrior (D:12)
  A tengu warrior (D:10)
  20 death yaks
  2 orc high priests
  2 deep elf knights (Elf:1)
  Nergalle (Orc:1)
  2 skeletal warriors
  A deep elf summoner (Elf:1)
  5 orc knights
  Pikel (D:5)
  3 hill giants
  A harpy (D:13)
  3 griffons
  7 ugly things
  2 cyclopes
  A centaur zombie (D:14)
  7 orc sorcerers
  17 elephants
  Joseph (D:10)
  2 manticores (D:12)
  20 spiny frogs
  An ice statue (Lair:4)
  A gargoyle (D:13)
  7 black mambas
  2 kobold demonologists (Bailey)
  A demonic crawler (Lair:5)
  2 fire drakes
  7 komodo dragons
  2 deep elf priests (Elf:1)
  3 polar bears
  6 trolls
  4 two-headed ogres
  A giant leech (Lair:8)
  A boulder beetle (Lair:8)
  11 slime creatures
  A trapdoor spider (D:14)
  15 blink frogs
  Sigmund (D:6)
  4 wyverns
  49 yaks
  4 fire bats (Lair:5)
  5 wraiths
  A deep elf mage (Elf:1)
  9 vampire mosquitoes
  12 hippogriffs
  2 deep elf fighters (Elf:1)
  13 humans
  Grum (D:10)
  A steam dragon (D:11)
  2 soldier ants
  A basilisk (Lair:5)
  17 wolves
  3 hungry ghosts
  3 wargs
  8 water moccasins
  2 sky beasts
  Duvessa (D:6)
  67 orc warriors
  9 porcupines
  2 eyes of draining
  2 black bears
  7 ice beasts
  17 ogres
  A phantom (D:14)
  A slave (D:6)
  10 centaurs
  2 brain worms
  4 big kobolds
  Blork the orc (D:4)
  10 crocodiles
  A wyvern zombie (D:12)
  A gnoll sergeant (D:5)
  34 giant frogs
  Dowan (D:6)
  A wyvern skeleton (D:12)
  A water moccasin zombie (D:5)
  6 scorpions
  9 wights
  9 electric eels
  9 crimson imps
  2 gnoll shamans (D:5)
  13 hounds
  2 giant frog zombies
  2 centaur skeletons
  14 iguanas
  2 jellies
  57 orc wizards
  A giant frog skeleton (D:7)
  49 orc priests
  11 worker ants
  15 sheep
  2 hound skeletons (D:8)
  A hound zombie (D:6)
  A worker ant zombie (D:8)
  16 adders
  51 gnolls
  28 river rats
  6 shadow imps
  2 white imps (Lair:4)
  An ooze (D:4)
  An adder zombie (D:5)
  An adder skeleton (D:7)
  4 worms
  4 giant geckos
  247 orcs
  11 giant cockroaches
  17 goblins
  15 hobgoblins
  30 jackals
  26 kobolds
  6 quokkas
  2 ball pythons
  6 bats
  4 giant newts
  2 jackal skeletons
  8 rats
  A fungus (Lair:8)
1188 creatures vanquished.

Vanquished Creatures (collateral kills)
  Rupert (Orc:2)
  Sonja (Orc:3)
  2 skeletal warriors (D:12)
  2 orc warriors (Orc:2)
  A crimson imp (D:12)
  An orc priest (Orc:3)
  4 orc wizards
  11 orcs
23 creatures vanquished.

Vanquished Creatures (others)
  A centaur zombie (D:14)
  A troll (D:14)
  A human (D:14)
  An orc warrior (D:14)
  An orc priest (D:14)
  3 orcs
  A kobold (D:14)
  14 fungi
  15 plants
38 creatures vanquished.

Grand Total: 1249 creatures vanquished

Notes
Turn   | Place    | Note
--------------------------------------------------------------
     0 | D:1      | inmateoo the Troll Monk began the quest for the Orb.
     0 | D:1      | Reached XP level 1. HP: 22/22 MP: 0/0
   111 | D:1      | Reached XP level 2. HP: 29/29 MP: 1/1
   561 | D:2      | Reached XP level 3. HP: 36/36 MP: 2/2
   634 | D:2      | Found an opulent altar of Gozag.
  1399 | D:3      | Reached skill level 1 in Throwing
  1425 | D:3      | Found a burning altar of Makhleb.
  1426 | D:3      | Found a glowing silver altar of Zin.
  1426 | D:3      | Noticed an angel
  1427 | D:3      | Noticed a cacodemon
  1476 | D:3      | Reached XP level 4. HP: 35/44 MP: 3/3
  1987 | D:4      | Noticed an ogre
  2005 | D:4      | Noticed an ogre
  2058 | D:4      | Reached skill level 5 in Unarmed Combat
  2118 | D:4      | Found a staircase to the Ecumenical Temple.
  2162 | D:4      | Reached XP level 5. HP: 47/52 MP: 4/4
  2236 | Temple   | Entered the Ecumenical Temple
  2300 | Temple   | Became a worshipper of Warmaster Okawaru
  2300 | Temple   | Reached * piety under Okawaru
  2300 | Temple   | Reached ** piety under Okawaru
  2391 | D:4      | Noticed Blork the orc
  2405 | D:4      | Killed Blork the orc
  2405 | D:4      | Reached skill level 1 in Evocations
  2415 | D:4      | Reached XP level 6. HP: 40/61 MP: 5/5
  2585 | D:4      | HP: 1/61 [orc priest/nerve-wracking pain (13)]
  2732 | D:4      | Found a snail-covered altar of Cheibriados.
  2793 | D:4      | Killed an ogre
  2793 | D:4      | Reached skill level 6 in Unarmed Combat
  2793 | D:4      | Reached XP level 7. HP: 49/67 MP: 5/7
  2925 | D:5      | Entered Level 5 of the Dungeon
  3194 | D:5      | Reached skill level 1 in Invocations
  3208 | D:5      | Found a blossoming altar of Fedhas.
  3212 | D:5      | Found Egywk's Gadget Shoppe.
  3531 | D:5      | Reached *** piety under Okawaru
  3553 | D:5      | Found a white marble altar of Elyvilon.
  3575 | D:5      | Found Icuphuf's Antique Weapon Boutique.
  3860 | D:5      | Reached XP level 8. HP: 74/78 MP: 8/8
  3987 | D:5      | Reached skill level 7 in Unarmed Combat
  4392 | D:5      | Found Liepemutyu's Magic Scroll Shoppe.
  4400 | D:5      | Bought a scroll of identify for 26 gold pieces
  4577 | D:6      | Noticed Pikel
  4608 | D:5      | Killed Pikel
  4608 | D:5      | Reached **** piety under Okawaru
  4700 | D:6      | Noticed Duvessa
  4707 | D:6      | Noticed Dowan
  4715 | D:6      | Killed Duvessa
  4715 | D:6      | Reached skill level 8 in Unarmed Combat
  4715 | D:6      | Reached XP level 9. HP: 68/85 MP: 10/10
  4724 | D:6      | Killed Dowan
  4940 | D:6      | Found Munaen's Gadget Boutique.
  5094 | D:6      | Noticed Sigmund
  5217 | D:6      | Killed Sigmund
  5533 | D:7      | Reached skill level 5 in Dodging
  5650 | D:7      | Reached skill level 5 in Fighting
  5724 | D:7      | Reached ***** piety under Okawaru
  5832 | D:7      | Found a deep blue altar of Sif Muna.
  5875 | D:7      | Found Xosops's Magic Scroll Emporium.
  5948 | D:7      | Bought a scroll of identify for 24 gold pieces
  5948 | D:7      | Bought 2 scrolls of identify for 48 gold pieces
  5976 | D:7      | Reached skill level 9 in Unarmed Combat
  6061 | D:7      | Found a glowing golden altar of the Shining One.
  6182 | D:8      | Reached skill level 5 in Throwing
  6214 | D:8      | Found Ifauw's General Store.
  6220 | D:8      | Bought a scroll of identify for 24 gold pieces
  6220 | D:8      | Bought a scroll of identify for 24 gold pieces
  6244 | D:8      | Found an ancient bone altar of Kikubaaqudgha.
  6314 | D:8      | Found a sacrificial altar of Ru.
  6406 | D:8      | Reached XP level 10. HP: 67/96 MP: 12/12
  6626 | D:8      | Found a shadowy altar of Dithmenos.
  6627 | D:8      | Found a deep blue altar of Sif Muna.
  6973 | D:8      | Received a gift from Okawaru
  6982 | D:8      | Got a bloodstained cloak {god gift}
  6988 | D:8      | Identified the +1 cloak of the Gate {+Fly rC+} (Okawaru gifted it to you on level 8 of the Dungeon)
  7132 | D:9      | Found a stormy altar of Qazlal.
  7515 | D:9      | Reached skill level 10 in Unarmed Combat
  7541 | D:9      | Found a staircase to the Orcish Mines.
  7593 | D:10     | Entered Level 10 of the Dungeon
  7595 | D:10     | Noticed Harold
  7621 | D:10     | Killed Harold
  7621 | D:10     | Reached skill level 5 in Invocations
  7709 | D:10     | Noticed Joseph
  7721 | D:10     | Killed Joseph
  7781 | D:10     | Noticed a cyclops
  7787 | D:10     | Killed a cyclops
  7978 | D:10     | Noticed Grum
  8202 | Orc:1    | Entered Level 1 of the Orcish Mines
  8232 | Orc:1    | Found Cyrhawup's Quality Used Wands.
  8234 | Orc:1    | Found a roughly hewn altar of Beogh.
  8390 | Orc:2    | Noticed Rupert
  8472 | D:7      | Bought a scroll of blinking for 90 gold pieces
  8472 | D:7      | Bought a scroll of identify for 24 gold pieces
  8553 | D:10     | Reached XP level 11. HP: 86/105 MP: 14/14
  8633 | D:10     | Found Exynozosch's Assorted Antiques.
  8641 | D:10     | Bought a scroll labeled UMEDERPH XEPIOW for 30 gold pieces
  8641 | D:10     | Bought a sedimented red potion for 27 gold pieces
  8641 | D:10     | Bought a potion of curing for 90 gold pieces
  8889 | D:10     | Killed Grum
  9065 | D:10     | Noticed a tengu warrior
  9080 | D:10     | Killed a tengu warrior
  9080 | D:10     | Received a gift from Okawaru
  9245 | D:10     | Reached skill level 11 in Unarmed Combat
  9721 | D:11     | Noticed Maud
  9741 | D:11     | Killed Maud
  9741 | D:11     | Received a gift from Okawaru
 10155 | D:11     | Found a staircase to the Lair.
 10403 | D:11     | Gained mutation: You occasionally shout uncontrollably at your foes. [mutagenic meat]
 10404 | D:11     | Gained mutation: You are dopey. (Int -2) [mutagenic meat]
 10405 | D:11     | Lost mutation: You are dopey. (Int -2) [mutagenic meat]
 10729 | D:11     | Found a stormy altar of Qazlal.
 10861 | D:12     | Reached XP level 12. HP: 93/115 MP: 15/15
 10916 | D:12     | Reached skill level 12 in Unarmed Combat
 10920 | D:12     | Gained mutation: You have a somewhat thin skeletal structure (Dex +2, Stealth). [mutagenic meat]
 10921 | D:12     | Lost mutation: You occasionally shout uncontrollably at your foes. [mutagenic meat]
 11163 | D:12     | Noticed a centaur warrior
 11172 | D:12     | Killed a centaur warrior
 11430 | D:12     | Reached ****** piety under Okawaru
 11753 | D:12     | Received a gift from Okawaru
 12438 | D:13     | Received a gift from Okawaru
 12642 | D:13     | Found a flagged portal.
 12673 | Bailey   | Entered a bailey
 12805 | Bailey   | Found an iron altar of Okawaru.
 12830 | Bailey   | Received a gift from Okawaru
 12925 | Bailey   | Identified the Handbook of the Bewitching Voyage
 12928 | Bailey   | Learned a level 1 spell: Apportation
 12931 | Bailey   | Learned a level 2 spell: Blink
 13557 | D:13     | Noticed a four-headed hydra
 13558 | D:13     | Noticed a catoblepas
 13618 | D:13     | Reached skill level 1 in Translocations
 13689 | D:13     | Killed a four-headed hydra
 13689 | D:13     | Reached skill level 13 in Unarmed Combat
 13752 | D:13     | Killed a catoblepas
 13758 | D:13     | Reached XP level 13. HP: 37/127 MP: 15/17
 14224 | D:14     | Found a gate to the Vaults.
 14269 | D:13     | Received a gift from Okawaru
 14534 | D:14     | Gained mutation: You have a moderately thin skeletal structure (Dex +4, Stealth+). [mutagenic meat]
 14535 | D:14     | Gained mutation: You are partially covered in yellow scales (AC +2). [mutagenic meat]
 14622 | D:14     | Received a gift from Okawaru
 14993 | D:14     | Found Poohantysm's Magic Scroll Shop.
 15022 | D:14     | Bought a scroll of magic mapping for 63 gold pieces
 15327 | D:14     | Gained mutation: You are occasionally teleported next to monsters. [mutagenic meat]
 15328 | D:14     | Gained mutation: You are somewhat resistant to further mutation. [mutagenic meat]
 15666 | D:15     | Entered Level 15 of the Dungeon
 15911 | Lair:1   | Entered Level 1 of the Lair of Beasts
 15955 | Lair:1   | Received a gift from Okawaru
 16665 | Lair:2   | Noticed MrTails's ghost (journeyman GrFi)
 16885 | Lair:2   | Reached skill level 14 in Unarmed Combat
 18166 | Lair:4   | Reached XP level 14. HP: 96/137 MP: 19/19
 19738 | Lair:5   | Found a hole to the Spider Nest.
 19906 | Lair:5   | Received a gift from Okawaru
 20549 | Lair:6   | Found a staircase to the Slime Pits.
 20549 | Lair:6   | Found a viscous altar of Jiyva.
 20554 | Lair:6   | Noticed emiel's ghost (journeyman FoAs)
 20572 | Lair:6   | Killed emiel's ghost
 20828 | Lair:6   | Found a staircase to the Shoals.
 21182 | Lair:6   | Received a gift from Okawaru
 21299 | Lair:6   | Noticed Josephine
 21308 | Lair:6   | Killed Josephine
 21320 | Lair:6   | Reached skill level 15 in Unarmed Combat
 21577 | Lair:7   | Found a labyrinth entrance.
 21586 | Lab      | Entered a labyrinth
 21882 | Lab      | Received a gift from Okawaru
 21942 | Lair:8   | Entered Level 8 of the Lair of Beasts
 22003 | Lair:7   | Identified a -1 rod of destruction (13/13) (You found it in a labyrinth)
 22008 | Lair:7   | Learned a level 3 spell: Portal Projectile
 22011 | Lair:7   | Learned a level 2 spell: Shroud of Golubria
 22016 | Lair:7   | Learned a level 4 spell: Passage of Golubria
 22556 | Lair:7   | Reached XP level 15. HP: 148/148 MP: 20/20
 22626 | Lair:7   | Reached skill level 10 in Dodging
 23034 | Lair:8   | Received a gift from Okawaru
 23036 | Lair:8   | Reached skill level 10 in Throwing
 23127 | Lair:8   | Reached skill level 5 in Translocations
 23270 | Lair:8   | Found a shadowy altar of Dithmenos.
 23642 | Lair:8   | Reached skill level 16 in Unarmed Combat
 23983 | Lair:8   | Identified a +4 rod of inaccuracy (12/12) (You found it on level 8 of the Lair of Beasts)
 23991 | Lair:8   | Got a wavering tin ring
 23992 | Lair:8   | Identified the ring "Vonnun" {+Fly EV+5 Str+2} (You found it on level 8 of the Lair of Beasts)
 24522 | Orc:2    | Killed Rupert
 24586 | Orc:2    | Reached skill level 10 in Fighting
 24764 | Orc:2    | Noticed an orc warlord
 24787 | Orc:2    | Killed an orc warlord
 24884 | Orc:2    | Noticed an orc knight
 24907 | Orc:2    | Killed an orc knight
 24949 | Orc:2    | Noticed an orc sorcerer
 24958 | Orc:2    | Killed an orc sorcerer
 25386 | Orc:2    | Found a roughly hewn altar of Beogh.
 25387 | Orc:2    | Noticed an orc knight
 25402 | Orc:2    | Received a gift from Okawaru
 25420 | Orc:2    | Killed an orc knight
 25447 | Orc:2    | Noticed an orc high priest
 25456 | Orc:2    | Killed an orc high priest
 25490 | Orc:2    | Noticed an orc knight
 25508 | Orc:2    | Killed an orc knight
 25594 | Orc:1    | Noticed an orc sorcerer
 25594 | Orc:1    | Noticed Nergalle
 25600 | Orc:1    | Killed an orc sorcerer
 25604 | Orc:1    | Killed Nergalle
 26088 | Orc:3    | Noticed Sonja
 26091 | Orc:3    | Killed Sonja
 26673 | Orc:4    | Entered Level 4 of the Orcish Mines
 26675 | Orc:4    | Found a staircase to the Elven Halls.
 26690 | Orc:4    | Found Potaeluf's Assorted Antiques.
 26690 | Orc:4    | Found Tarick's Jewellery Boutique.
 26690 | Orc:4    | Found Ostaof's Antique Weapon Shop.
 26818 | Orc:4    | Reached XP level 16. HP: 82/158 MP: 21/21
 27305 | Orc:4    | Found Tyirul's Assorted Antiques.
 27366 | Orc:4    | Bought a scroll of teleportation for 84 gold pieces
 27366 | Orc:4    | Bought a potion of curing for 84 gold pieces
 27366 | Orc:4    | Bought a scroll of identify for 56 gold pieces
 27368 | Orc:4    | Bought a scroll of enchant armour for 210 gold pieces
 27369 | Orc:4    | Bought a scroll labeled HYTASY ZATTIU for 34 gold pieces
 27369 | Orc:4    | Bought a scroll labeled WIUSOYG KIGOEL for 34 gold pieces
 27369 | Orc:4    | Bought a potion of heal wounds for 170 gold pieces
 27369 | Orc:4    | Bought a scroll of identify for 68 gold pieces
 27369 | Orc:4    | Bought a scroll of enchant armour for 255 gold pieces
 27374 | Orc:4    | Bought the amulet of the Skies Above {rCorr *Drain +Blink MR+ Int+3} for 644 gold pieces
 27448 | Orc:4    | Found a radiant altar of Vehumet.
 27467 | Orc:4    | Received a gift from Okawaru
 27751 | Elf:1    | Entered Level 1 of the Elven Halls
 27853 | Elf:1    | Received a gift from Okawaru
 27954 | Elf:1    | Noticed Nikola
 27967 | Elf:1    | Killed from afar by Nikola

Action                   |  1- 3 |  4- 6 |  7- 9 | 10-12 | 13-15 | 16-18 || total
-------------------------+-------+-------+-------+-------+-------+-------++-------
Melee: Unarmed           |   126 |   101 |   415 |   895 |  1631 |   201 ||  3369
Throw: Large rock        |       |       |    10 |    31 |    57 |       ||    98
 Cast: Blink             |       |       |       |       |    10 |       ||    10
       Apportation       |       |       |       |       |     3 |       ||     3
Invok: Heroism           |       |       |     2 |    11 |    22 |     1 ||    36
       Finesse           |       |       |       |       |     2 |       ||     2
 Abil: Evoke Invisibilit |       |     1 |       |     1 |       |       ||     2
Evoke: Fan of gales      |       |       |       |     1 |       |     1 ||     2
       Deck              |       |       |       |     2 |     5 |       ||     7
       Wand              |       |       |       |       |     3 |     2 ||     5
       Lamp of fire      |       |       |       |       |     1 |     1 ||     2
  Use: Potion            |       |     2 |       |     2 |     2 |       ||     6
       Scroll            |       |       |    21 |    12 |    15 |     2 ||    50
 Stab: Sleeping          |     5 |     2 |     1 |     4 |    23 |     2 ||    37
       Invisible         |       |     2 |       |       |     2 |       ||     4
       Distracted        |       |       |     1 |     2 |     5 |       ||     8
  Eat: Chunk             |    14 |    17 |    36 |    76 |   119 |    11 ||   273
       Beef jerky        |       |       |       |     1 |     2 |       ||     3
       Royal jelly       |       |       |       |       |     1 |       ||     1
       Pizza             |       |       |       |       |     1 |       ||     1
